 Dungeon Crawl Stone Soup version 0.30-a0-964-gd452b5e7fa (webtiles) character file.

Game seed: 8635894235591659745

348 NinjaNoafa the Caller (level 6, -5/24 HPs)
             Began as a Felid Summoner on Mar 30, 2023.
             Was an Initiate of Gozag.
             Slain by a kobold brigand
             ... wielding a +0 dagger
              (6 damage)
             ... on level 4 of the Dungeon.
             The game lasted 00:18:36 (4338 turns).

NinjaNoafa the Caller (Felid Summoner)              Turns: 4338, Time: 00:18:36

Health: -5/24      AC:  2    Str: 10    XL:     6   Next: 33%
Magic:  10/14      EV: 17    Int: 19    God:    Gozag
Gold:   351        SH:  0    Dex: 16    Spells: 6/15 levels left
                                        Lives:  0   Deaths: 2

rFire   . . .      SeeInvis +    (weapon unavailable)
rCold   . . .      Faith    .    (shield unavailable)
rNeg    . . .      Spirit   .    (body armour unavailable)
rPois   .          Reflect  .    (helmet unavailable)
rElec   .          Rampage  .    (cloak unavailable)
rCorr   .                        (gloves unavailable)
Will    .....                    (boots unavailable)
Stlth   ++                       (no amulet)
HPRegen 0.24/turn                k - +6 ring of strength
MPRegen 0.14/turn                p - ring of flight

@: flying, quick
A: very small, claws 1, fangs 3, see invisible, speed 1, shaggy fur 2, stealthy
paws, no weapons or thrown items, no armour, multi-lived
a: Renounce Religion, Potion Petition, Call Merchant, Bribe Branch


You were on level 4 of the Dungeon.
You worshipped Gozag.
Gozag was aware of your devotion.
You visited 1 branch of the dungeon, and saw 5 of its levels.

You collected 381 gold pieces.
You paid 30 gold pieces to Gozag.

Inventory:

Jewellery
 k - a +6 ring of strength (left paw)
 p - a ring of flight (right paw)
 q - a ring of fire
Scrolls
 b - 3 scrolls of noise {unknown}
 c - 2 scrolls of blinking {unknown}
 g - 2 scrolls of enchant armour {unknown}
 h - a scroll of teleportation {unknown}
 i - a scroll of fog {unknown}
 j - 2 scrolls of identify {unknown}
 m - a scroll of enchant weapon {unknown}
 o - a scroll of poison {unknown}
 s - a scroll of summoning {unknown}
 u - a scroll of immolation {unknown}
Potions
 a - a potion of magic
 d - 4 potions of curing {unknown}
 e - a potion of resistance {unknown}
 f - 2 potions of heal wounds {unknown}
 l - a potion of haste {unknown}
 n - a potion of flight {unknown}
 r - a potion of lignification {unknown}
 t - a potion of brilliance {unknown}


   Skills:
 - Level 2.6 Dodging
 - Level 2.6 Stealth
 + Level 5.2 Spellcasting
 - Level 5.0 Hexes
 + Level 6.8 Summonings


You had 6 spell levels left.
You knew the following spells:

 Your Spells              Type           Power      Damage    Failure   Level
a - Summon Small Mammal   Summ           100%       N/A       1%          1
b - Call Imp              Summ           30%        N/A       1%          2
c - Call Canine Familiar  Summ           30%        N/A       2%          3
d - Summon Guardian Gole  Hex/Summ       27%        N/A       3%          3

Your spell library contained the following spells:

 Spells                   Type           Power      Damage    Failure   Level
 Ensorcelled Hibernation  Hex/Ice        28%        N/A       7%          2
 Lesser Beckoning         Tloc           8%         N/A       19%         2
 Passwall                 Tmut/Erth      3%         N/A       19%         2
 Summon Lightning Spire   Summ/Air       17%        N/A       30%         4
 Gell's Gravitas          Tloc           4%         N/A       36%         3
 Ozocubu's Armour         Ice            4%         N/A       36%         3
 Swiftness                Air            4%         N/A       36%         3
 Teleport Other           Tloc           4%         N/A       36%         3
 Orb of Destruction       Conj           2%         9d5       100%        7
 Ozocubu's Refrigeration  Ice            2%         4d7       100%        7
 Spellforged Servitor     Conj/Summ      8%         N/A       100%        7


Dungeon Overview and Level Annotations

Branches:
Dungeon (5/15)
 Temple: D:4-7

Altars:
Ashenzari
Cheibriados
Dithmenos
Gozag
Sif Muna
Trog
Uskayaw
Vehumet

Shops:
D:5 [

Annotations:
D:4 Eustachio, Grinder


Innate Abilities, Weirdness & Mutations

You have sharp claws.
You have razor-sharp teeth.
You have supernaturally acute eyesight. (SInv)
You cover ground quickly. (Speed+)
You are covered in thick fur. (AC +2)
Your paws help you pounce on unaware monsters.
You are incapable of wielding weapons or throwing items.
You cannot wear armour.
You gain extra lives every three experience levels.


Message History

The kobold throws a stone.
The stone closely misses you. The stone closely misses your hound.
Grinder gestures at you.
You suddenly lose the ability to move!
The kobold throws a stone.
The stone hits you.
A kobold comes into view. It is wielding a +0 short sword.
The kobold hits you with a +0 dagger.
A kobold comes into view. It is wielding a +0 short sword.
The kobold throws a stone.
The stone hits you.
A kobold comes into view. It is wielding a +0 short sword.
Grinder says, "Just stop there for a second..."
The kobold hits you with a +0 dagger. The kobold barely misses you.
Your hound completely misses the kobold.
Your hound barely misses the kobold.
The kobold throws a stone.
The stone barely misses you.
The stone hits your hound but does no damage.
Grinder blinks!
A kobold comes into view. It is wielding a +0 dagger.
The kobold hits you with a +0 dagger. The kobold barely misses you.
Your hound bites the kobold.
The kobold brigand hits you with a +0 dagger.
* * * LOW HITPOINT WARNING * * *
The kobold hits you with a +0 dagger.
* * * LOW HITPOINT WARNING * * *
Your hound barely misses the kobold.
You can move again.
Casting: Call Canine Familiar (dangerous; 2% risk of failure)
Confirm with . or Enter, or press ? or * to list all spells.
A beastly little devil appears in a puff of flame.
Your hound closely misses the kobold.
The kobold hits your hound with a +0 dagger.
Grinder hits your hound.
Your hound writhes in agony.
The kobold hits you with a +0 short sword.
* * * LOW HITPOINT WARNING * * *
The kobold closely misses you.
The kobold hits you with a +2 dagger of pain.
* * * LOW HITPOINT WARNING * * *
The kobold brigand hits you with a +0 dagger.
You die...
Your body crumbles into a pile of gold.

#♣.♣.# ♣♣....♣
♣♣♣...... # $
.K......♣♣♣♣.##
....K..5K...♣.#
.†..K.hK....§.♣
†..§§†KK...K..♣
..†§§.K@K.....♣
.......KK......
......5......♣♣
♣............♣
.♣♣.♣♣♣♣♣..P..♣
♣.. ♣..P## #.
#### #


You could see Grinder, a kobold brigand, 11 kobolds, a friendly hound (summoned)
and a friendly crimson imp (summoned).

Vanquished Creatures (collateral kills)
  3 phantoms (D:5)
  2 scorpions
  3 hounds (D:5)
  Jessica (D:3)
  8 adders
  A white imp (D:5)
  An ufetubus (D:4)
  A worm (D:2)
  2 dart slugs
  8 orcs
  8 endoplasms
  2 giant cockroaches (D:1)
  10 goblins
  7 hobgoblins
  3 jackals (D:4)
  2 quokkas (D:1)
  4 ball pythons
  4 bats
  2 frilled lizards (D:1)
  9 kobolds
  6 rats
87 creatures vanquished.

Vanquished Creatures (others)
  An ogre (D:4)
  A jelly (D:5)
  An iguana (D:5)
  An adder (D:4)
  A giant cockroach (D:4)
  A kobold (D:4)
  65 plants (D:4)
71 creatures vanquished.

Grand Total: 158 creatures vanquished

Notes
Turn   | Place    | Note
-------+----------+-------------------------------------------
     0 | D:1      | NinjaNoafa the Felid Summoner began the quest for the Orb.
     0 | D:1      | Reached XP level 1. HP: 7/7 MP: 4/4
   307 | D:1      | Reached XP level 2. HP: 11/11 MP: 6/6
   310 | D:1      | Learned a level 2 spell: Call Imp
   760 | D:1      | Reached XP level 3. HP: 13/14 MP: 5/8
   764 | D:1      | Learned a level 3 spell: Call Canine Familiar
  1294 | D:2      | Reached XP level 4. HP: 18/18 MP: 6/9
  1445 | D:2      | Reached skill level 5 in Summonings
  1774 | D:3      | Reached skill level 1 in Hexes
  1820 | D:3      | Found a shadowy altar of Dithmenos.
  1823 | D:3      | Found a snail-covered altar of Cheibriados.
  1827 | D:3      | Found a shimmering blue altar of Sif Muna.
  1828 | D:3      | Found a bloodstained altar of Trog.
  1831 | D:3      | Found a radiant altar of Vehumet.
  1832 | D:3      | Found a broken altar of Ashenzari.
  1834 | D:3      | Found an opulent altar of Gozag.
  1837 | D:3      | Found a hide-covered altar of Uskayaw.
  1844 | D:3      | Became a worshipper of Gozag Ym Sagoz the Greedy
  2105 | D:3      | Noticed Jessica
  2116 | D:3      | Killed Jessica
  2117 | D:3      | Reached XP level 5. HP: 21/21 MP: 3/11
  2123 | D:3      | Learned a level 3 spell: Summon Guardian Golem
  2612 | D:4      | Noticed Grinder
  2690 | D:4      | Noticed Eustachio
  2906 | D:4      | Upgraded the game from 0.30-a0-956-gcec3b41aec to
                  | 0.30-a0-964-gd452b5e7fa
  2990 | D:4      | Killed from afar by an orc priest
  2991 | D:4      | Reached XP level 4. HP: -7/18 MP: 7/10
  3035 | D:5      | Entered Level 5 of the Dungeon
  3129 | D:5      | Reached XP level 5. HP: 21/21 MP: 2/12
  3436 | D:5      | Gained mutation: You are covered in thick fur. (AC +2)
                  | [Felid growth]
  3436 | D:5      | Reached XP level 6. HP: 24/24 MP: 5/13
  3569 | D:5      | Reached skill level 6 in Summonings
  3624 | D:5      | Found Tasuol's Antique Armour Emporium.
  3879 | D:5      | Reached skill level 5 in Hexes
  4110 | D:5      | Reached skill level 5 in Spellcasting
  4110 | D:5      | Reached XP level 7. HP: 27/27 MP: 9/15
  4333 | D:4      | Mangled by Eustachio
  4334 | D:4      | Reached XP level 6. HP: -7/24 MP: 0/14
  4334 | D:4      | Paralysed by Grinder for 4 turns
  4338 | D:4      | HP: 1/24 [kobold/+2 dagger of pain (3)]
  4338 | D:4      | Slain by a kobold brigand

Illustrated notes

Levels and vault maps discovered:
D:1:      eino_arrival_druids_welcome, layout_loops_ring
D:2:      layout_loops_ring
D:3:      layout_basic, nicolae_overflow_hallway_of_the_gods, uniq_jessica
D:4:      kennysheep_kobold_camp, layout_rooms, nicolae_ossuary_entry_giza,
          uniq_grinder, uniq_eustachio
D:5:      layout_loops_corners, serial_shops, nicolae_shop_stone

Skill      XL: |  1  2  3  4  5  6 |
---------------+-------------------+-----
Spellcasting   | 3 4 5 |  5.2
Summonings     | 5 6 |  6.8
Hexes          | 1 4 5 |  5.0
Dodging        | |  2.6
Stealth        | |  2.6

Action                     |  1- 3 |  4- 6 |  7- 9 || total
---------------------------+-------+-------+-------++-------
  Melee: Unarmed           |     1 |       |       ||     1
   Cast: Summon Small Mamm |    34 |    38 |     2 ||    74
         Call Imp          |    11 |    24 |     2 ||    37
         Call Canine Famil |     6 |    26 |     5 ||    37
         Summon Guardian G |       |     6 |     4 ||    10
 Armour: Skin              |     2 |     2 |     8 ||    12
  Dodge: Dodged            |    17 |    43 |    36 ||    96

Table legend: (Time is in decaauts)
 A = Elapsed time spent in this place.
 B = Non-inter-level travel time spent in this place.
 C = Inter-level travel time spent in this place.
 D = Time resting spent in this place.
 E = Time spent auto-exploring this place.
 F = Levels seen in this place.
 G = Mean time per level.
                   A        B        C        D        E       F      G
               +--------+--------+--------+--------+--------+-----+--------+
         Total |   3653 |   3472 |    181 |     30 |   2117 |   5 |  730.6 |
       Dungeon |   3653 |   3472 |    181 |     30 |   2117 |   5 |  730.6 |
               +--------+--------+--------+--------+--------+-----+--------+

Top non-repeatable levels by time:
     D:5: 973 daAuts
     D:3: 851 daAuts
     D:1: 719 daAuts
     D:2: 700 daAuts
     D:4: 407 daAuts
